Gangsters vs Wolves
Created - 14 février 2013 at 19:29
Goals
|
| Gangsters |
2 |
2 |
1 |
5 |
| Wolves |
1 |
2 |
1 |
4 |
|
Shots
|
| Gangsters |
8 |
17 |
6 |
31 |
| Wolves |
6 |
18 |
4 |
28 |
|
1st period
1. Gangsters , Dave Steckel 10 (Matt Read) at 15:27
2. Wolves , Vyacheslav Kozlov 16 (Alexander Perezhogin, Philippe Boucher) at 19:43
3. Gangsters , Valtteri Filppula 4 (Jaroslav Balastik) at 19:51
Penalties :
Staffan Kronwall (Bro) for Interference (Minor) at 1:00, Cody McLeod (Min) for Holding (Minor) at 15:52, Steve Valiquette (Bro) for Slashing (Minor) at 19:11 - Nick Foligno served the penalty, Nate Guenin (Min) for Roughing (Minor) at 19:29
2nd period
4. Wolves , Milan Bartovic 6 (Ethan Moreau, Nathan Davis) at 3:31
5. Gangsters , Tim Jackman 16 (Jaroslav Balastik, Valtteri Filppula) at 3:39
6. Wolves , Alexander Perezhogin 24 (Rich Peverley, Vyacheslav Kozlov) at 8:45 (PP)
7. Gangsters , Matt Read 7 (Dave Steckel, Mike Commodore) at 16:16 (PP)
Penalties :
Chris Bourque (Bro) for Roughing (Minor) at 7:18, Alexander Perezhogin (Min) for Roughing (Minor) at 10:28, Nate Guenin (Min) for Hooking (Minor) at 15:14
3rd period
8. Gangsters , Valtteri Filppula 5 (Staffan Kronwall, Jaroslav Balastik) at 1:33
9. Wolves , Mike Zigomanis 16 (Marc Methot, Geoff Sanderson) at 8:24 (PP)
Penalties :
Jim Vandermeer (Bro) for Tripping (Minor) at 8:12, Dave Steckel (Bro) for Holding (Minor) at 10:03, Nate Guenin (Min) for Holding (Minor) at 18:27, Alexei Emelin (Bro) for Holding (Minor) at 18:27
Goalie Stats
Steve Valiquette (Bro), 24 saves from 28 shots - (0,857), W, 15-9-3, 60:00 minutes
Julien Ellis (Min), 26 saves from 31 shots - (0,839), L, 12-13-2, 60:00 minutes
Players Stats for Gangsters
Player Name G A P +/- PIM S H SB GA TA FO MP PP MP PK MP
------------------------------------------------------------------------------------
Alexei Emelin 0 0 0 1 2 0 0 0 2 0 0/0 21:26 2:14 3:08
Artem Anisimov 0 0 0 0 0 1 0 0 0 0 1/4 8:19 0:00 0:00
Byron Ritchie 0 0 0 0 0 1 0 0 0 0 1/3 14:07 0:00 2:14
Chris Bourque 0 0 0 0 2 3 2 0 2 0 0/0 13:57 0:00 0:57
Cory Murphy 0 0 0 1 0 1 2 2 0 0 0/0 26:58 3:04 3:19
Dave Steckel 1 1 2 1 2 3 2 0 0 0 5/12 14:56 2:08 1:13
Igor Radulov 0 0 0 1 0 2 1 0 0 0 1/1 13:21 2:08 0:00
Jaroslav Balastik 0 3 3 1 0 1 3 0 1 0 1/2 22:02 3:10 3:04
Jim Vandermeer 0 0 0 1 2 0 0 1 1 0 0/0 13:39 0:00 0:39
Matt Read 1 1 2 1 0 2 1 1 0 0 1/1 13:24 2:08 0:00
Mike Commodore 0 1 1 0 0 3 0 0 0 0 0/0 19:36 2:14 2:36
Nick Foligno 0 0 0 0 0 0 3 0 0 0 0/0 8:38 0:12 0:00
Ryan Jones 0 0 0 0 0 2 3 0 0 1 0/0 11:38 0:00 1:23
Ryan Keller 0 0 0 0 0 0 3 0 0 1 1/2 11:22 0:00 0:00
Staffan Kronwall 0 1 1 1 2 1 1 2 1 0 0/0 26:02 3:04 2:08
Tim Jackman 1 0 1 1 0 2 2 1 0 0 1/1 16:27 2:58 0:00
Valtteri Filppula 2 1 3 1 0 9 1 2 0 0 16/32 21:36 3:10 2:59
Ville Koistinen 0 0 0 0 0 0 0 0 0 0 0/0 12:14 0:00 0:00
Players Stats for Wolves
Player Name G A P +/- PIM S H SB GA TA FO MP PP MP PK MP
------------------------------------------------------------------------------------
Alexander Perezhogin 1 1 2 -2 2 3 2 0 0 0 2/5 19:14 3:18 0:01
Bruno Gervais 0 0 0 0 0 0 0 1 0 0 0/0 14:30 0:23 3:28
Chris Neil 0 0 0 0 0 1 2 0 0 0 1/1 14:49 1:53 0:00
Cody McLeod 0 0 0 0 2 2 2 0 1 0 0/0 8:38 0:00 0:24
Ethan Moreau 0 1 1 0 0 2 0 1 1 0 4/8 15:30 0:44 2:50
Geoff Sanderson 0 1 1 0 0 0 0 1 0 1 1/2 17:31 1:53 2:21
Marc Methot 0 1 1 0 0 2 2 0 0 0 0/0 21:07 2:28 1:50
Marc-André Gragnani 0 0 0 0 0 0 1 1 0 2 0/0 14:28 0:23 1:08
Matt Gilroy 0 0 0 0 0 0 0 1 0 2 0/0 21:20 2:28 1:50
Mike Zigomanis 1 0 1 0 0 3 1 0 0 0 4/7 15:27 1:53 0:37
Milan Bartovic 1 0 1 0 0 5 1 0 0 2 0/0 15:32 0:44 2:50
Nate Guenin 0 0 0 -2 6 1 2 1 0 0 0/0 24:12 3:03 2:20
Nathan Davis 0 1 1 0 0 1 2 0 0 0 7/12 9:58 0:00 0:00
Petr Kalus 0 0 0 0 0 0 0 0 0 0 1/1 7:09 0:00 0:00
Philippe Boucher 0 1 1 -2 0 2 0 2 0 0 0/0 23:57 3:04 0:00
Rich Peverley 0 1 1 -2 0 2 1 1 0 0 9/20 18:57 3:18 1:26
Tim Crowder 0 0 0 0 0 1 2 0 0 0 0/0 9:41 0:44 0:00
Vyacheslav Kozlov 1 1 2 -2 0 3 1 1 0 0 1/2 19:24 3:18 0:07
3 Stars
1 - Valtteri Filppula (Bro)
2 - Jaroslav Balastik (Bro)
3 - Matt Read (Bro)
Power Play
Gangsters - 1 on 4 Attempt(s) - 25,00%
Wolves - 2 on 5 Attempt(s) - 40,00%
Penalty Kill
Gangsters - 3 on 5 Attempt(s) - 60,00%
- Score 0 goal in Penalty Kill
Wolves - 3 on 4 Attempt(s) - 75,00%
- Score 0 goal in Penalty Kill
Official
Referees : Martell Rob and Joannette Marc
Linesman : Vaughan Rody and Mark Pare
Game Notes
No Game Note
Gangsters
5 vs 5 Forward
Center Left Wing Right Wing Time % Phy DF OF
1 Valtteri Filppula Jaroslav Balastik Tim Jackman 40 1 2 2
2 Dave Steckel Igor Radulov Matt Read 30 1 2 2
3 Byron Ritchie Chris Bourque Ryan Keller 20 1 2 2
4 Artem Anisimov Nick Foligno Ryan Jones 10 1 2 2
5 vs 5 Defense
Defense Defense Time % Phy DF OF
1 Cory Murphy Staffan Kronwall 40 1 2 2
2 Mike Commodore Alexei Emelin 30 1 2 2
3 Ville Koistinen Jim Vandermeer 20 1 2 2
4 Cory Murphy Staffan Kronwall 10 1 2 2
PowerPlay Forward
Center Left Wing Right Wing Time % Phy DF OF
1 Valtteri Filppula Jaroslav Balastik Tim Jackman 60 1 2 2
2 Dave Steckel Igor Radulov Matt Read 40 1 2 2
PowerPlay Defense
Defense Defense Time % Phy DF OF
1 Cory Murphy Staffan Kronwall 60 1 2 2
2 Mike Commodore Alexei Emelin 40 1 2 2
Penalty Kill 4 Players Forward
Center Wing Time % Phy DF OF
1 Valtteri Filppula Jaroslav Balastik 60 1 2 2
2 Dave Steckel Byron Ritchie 40 1 2 2
Penalty Kill 4 Players Defense
Defense Defense Time % Phy DF OF
1 Cory Murphy Staffan Kronwall 60 1 2 2
2 Mike Commodore Alexei Emelin 40 1 2 2
Penalty Kill - 3 Players Forward
Forward Time % Phy DF OF
1 Valtteri Filppula 60 1 2 2
2 Jaroslav Balastik 40 1 2 2
Penalty Kill - 3 Players Defense
Defense Defense Time % Phy DF OF
1 Cory Murphy Staffan Kronwall 60 1 2 2
2 Mike Commodore Alexei Emelin 40 1 2 2
4 vs 4 Forward
Center Wing Time % Phy DF OF
1 Valtteri Filppula Jaroslav Balastik 60 1 2 2
2 Dave Steckel Byron Ritchie 40 1 2 2
4 vs 4 Defense
Defense Defense Time % Phy DF OF
1 Cory Murphy Staffan Kronwall 60 1 2 2
2 Mike Commodore Alexei Emelin 40 1 2 2
Last Minutes Offensive
Center Left Wing Right Wing Defense Defense
Valtteri Filppula Jaroslav Balastik Tim Jackman Cory Murphy Staffan Kronwall
Last Minutes Defensive
Center Left Wing Right Wing Defense Defense
Valtteri Filppula Jaroslav Balastik Tim Jackman Cory Murphy Staffan Kronwall
Goaltenders
Starting : Steve Valiquette
Backup : David LeNeveu
Extra Forwards
Normal : Chris Bourque, Ryan Keller, Ryan Jones - PP : Chris Bourque, Ryan Keller - PK : Ryan Jones
Extra Defensemen
Normal : Ville Koistinen, Jim Vandermeer, Mike Commodore - PP : Ville Koistinen - PK : Jim Vandermeer, Mike Commodore
Penalty Shots
Valtteri Filppula, Jaroslav Balastik, Dave Steckel, Byron Ritchie, Tim Jackman
Wolves
5 vs 5 Forward
Center Left Wing Right Wing Time % Phy DF OF
1 Rich Peverley Vyacheslav Kozlov Alexander Perezhogin 40 1 1 3
2 Mike Zigomanis Geoff Sanderson Chris Neil 30 1 1 3
3 Nathan Davis Ethan Moreau Milan Bartovic 20 1 3 1
4 Petr Kalus Cody McLeod Tim Crowder 10 1 1 3
5 vs 5 Defense
Defense Defense Time % Phy DF OF
1 Nate Guenin Philippe Boucher 40 1 3 1
2 Matt Gilroy Marc Methot 30 1 3 1
3 Bruno Gervais Marc-André Gragnani 20 2 2 1
4 Nate Guenin Philippe Boucher 10 1 3 1
PowerPlay Forward
Center Left Wing Right Wing Time % Phy DF OF
1 Rich Peverley Vyacheslav Kozlov Alexander Perezhogin 60 1 0 4
2 Mike Zigomanis Geoff Sanderson Chris Neil 40 0 1 4
PowerPlay Defense
Defense Defense Time % Phy DF OF
1 Nate Guenin Philippe Boucher 60 1 1 3
2 Matt Gilroy Marc Methot 40 1 1 3
Penalty Kill 4 Players Forward
Center Wing Time % Phy DF OF
1 Ethan Moreau Milan Bartovic 60 2 3 0
2 Geoff Sanderson Rich Peverley 40 2 3 0
Penalty Kill 4 Players Defense
Defense Defense Time % Phy DF OF
1 Nate Guenin Bruno Gervais 60 3 2 0
2 Matt Gilroy Marc Methot 40 3 2 0
Penalty Kill - 3 Players Forward
Forward Time % Phy DF OF
1 Ethan Moreau 60 2 3 0
2 Mike Zigomanis 40 2 3 0
Penalty Kill - 3 Players Defense
Defense Defense Time % Phy DF OF
1 Nate Guenin Bruno Gervais 60 3 2 0
2 Matt Gilroy Marc Methot 40 3 2 0
4 vs 4 Forward
Center Wing Time % Phy DF OF
1 Alexander Perezhogin Vyacheslav Kozlov 60 1 1 3
2 Geoff Sanderson Rich Peverley 40 1 1 3
4 vs 4 Defense
Defense Defense Time % Phy DF OF
1 Nate Guenin Philippe Boucher 60 1 3 1
2 Matt Gilroy Marc Methot 40 1 3 1
Last Minutes Offensive
Center Left Wing Right Wing Defense Defense
Rich Peverley Vyacheslav Kozlov Alexander Perezhogin Nate Guenin Philippe Boucher
Last Minutes Defensive
Center Left Wing Right Wing Defense Defense
Mike Zigomanis Ethan Moreau Chris Neil Nate Guenin Bruno Gervais
Goaltenders
Starting : Julien Ellis
Backup : Loïc Lacasse
Extra Forwards
Normal : Ethan Moreau, Milan Bartovic, Cody McLeod - PP : Ethan Moreau, Milan Bartovic - PK : Cody McLeod
Extra Defensemen
Normal : Philippe Boucher, Marc-André Gragnani, Matt Gilroy - PP : Philippe Boucher - PK : Marc-André Gragnani, Matt Gilroy
Penalty Shots
Chris Neil, Vyacheslav Kozlov, Geoff Sanderson, Rich Peverley, Ethan Moreau
% Time on Ice - Gangsters
Lines # - Real PCT - Wanted PCT - Time Play
Normal Forward
1 - 35% - 40% - 15:56
2 - 26% - 30% - 11:51
3 - 22% - 20% - 9:59
4 - 17% - 10% - 7:48
Normal Defense
1 - 38% - 40% - 17:31
2 - 31% - 30% - 14:11
3 - 28% - 20% - 12:36
4 - 3% - 10% - 1:16
PP Forward
1 - 60% - 60% - 3:10
2 - 40% - 40% - 2:08
PP Defense
1 - 58% - 60% - 3:04
2 - 42% - 40% - 2:14
PK Forward
1 - 73% - 60% - 4:18
2 - 27% - 40% - 1:37
PK Defense
1 - 56% - 60% - 3:19
2 - 44% - 40% - 2:36
PK3 Forward
1 - 0% - 60%
2 - 0% - 40%
PK3 Defense
1 - 0% - 60%
2 - 0% - 40%
44 Forward
1 - 89% - 60% - 2:51
2 - 11% - 40% - 0:22
44 Defense
1 - 56% - 60% - 1:48
2 - 44% - 40% - 1:25
Last Minute Offensive - 0:00
Last Minute Defensive - 0:00
Total
Forward - 60:00
Defense - 60:00
|
% Time on Ice - Wolves
Lines # - Real PCT - Wanted PCT - Time Play
Normal Forward
1 - 36% - 40% - 16:34
2 - 31% - 30% - 13:55
3 - 19% - 20% - 8:41
4 - 14% - 10% - 6:24
Normal Defense
1 - 40% - 40% - 18:14
2 - 35% - 30% - 15:45
3 - 22% - 20% - 9:59
4 - 4% - 10% - 1:36
PP Forward
1 - 68% - 60% - 4:02
2 - 32% - 40% - 1:53
PP Defense
1 - 52% - 60% - 3:04
2 - 48% - 40% - 2:51
PK Forward
1 - 73% - 60% - 3:52
2 - 27% - 40% - 1:26
PK Defense
1 - 65% - 60% - 3:28
2 - 35% - 40% - 1:50
PK3 Forward
1 - 0% - 60%
2 - 0% - 40%
PK3 Defense
1 - 0% - 60%
2 - 0% - 40%
44 Forward
1 - 87% - 60% - 2:48
2 - 13% - 40% - 0:25
44 Defense
1 - 65% - 60% - 2:05
2 - 35% - 40% - 1:08
Last Minute Offensive - 0:00
Last Minute Defensive - 0:00
Total
Forward - 60:00
Defense - 60:00
|
Play by Play
1st period
0:01 of 1st period - Tim Jackman wins face-off versus Vyacheslav Kozlov in neutral zone.
0:08 of 1st period - Wrist shot by Valtteri Filppula.
0:08 of 1st period - Deflect By Jaroslav Balastik.
0:08 of 1st period - Stopped by Julien Ellis without a rebound.
0:09 of 1st period - Valtteri Filppula wins face-off versus Rich Peverley in Wolves zone.
0:12 of 1st period - Slapshot by Valtteri Filppula.
0:12 of 1st period - Stopped by Julien Ellis with a rebound.
0:28 of 1st period - Slapshot by Valtteri Filppula.
0:28 of 1st period - Shot Blocked by Vyacheslav Kozlov.
0:55 of 1st period - Snap shot by Valtteri Filppula.
0:55 of 1st period - Stopped by Julien Ellis with a rebound.
1:00 of 1st period - Minor Penalty to Staffan Kronwall for Interference.
1:01 of 1st period - Mike Zigomanis wins face-off versus Valtteri Filppula in Gangsters zone.
2:11 of 1st period - Mike Commodore is hit by Alexander Perezhogin and loses puck.
2:26 of 1st period - Byron Ritchie is hit by Tim Crowder and loses puck.
2:37 of 1st period - Alexei Emelin is hit by Tim Crowder and loses puck.
3:00 of 1st period - Penalty to Staffan Kronwall is over, Staffan Kronwall is back on ice.
3:36 of 1st period - Snap shot by Milan Bartovic.
3:36 of 1st period - Stopped by Steve Valiquette with a rebound.
3:48 of 1st period - Snap shot by Chris Bourque.
3:48 of 1st period - Shot Misses the Net.
4:20 of 1st period - Slapshot by Chris Bourque.
4:20 of 1st period - Shot Misses the Net.
4:22 of 1st period - Slapshot by Ryan Jones.
4:22 of 1st period - Shot Blocked by Matt Gilroy.
4:24 of 1st period - Snap shot by Ryan Jones.
4:24 of 1st period - Shot Misses the Net.
4:30 of 1st period - Snap shot by Chris Bourque.
4:30 of 1st period - Shot Misses the Net.
4:32 of 1st period - Snap shot by Staffan Kronwall.
4:32 of 1st period - Deflect By Chris Bourque.
4:32 of 1st period - Stopped by Julien Ellis with a rebound.
4:48 of 1st period - Wrist shot by Chris Bourque.
4:48 of 1st period - Shot Misses the Net.
5:54 of 1st period - Wrist shot by Chris Bourque.
5:54 of 1st period - Stopped by Julien Ellis without a rebound.
5:55 of 1st period - Mike Zigomanis wins face-off versus Dave Steckel in Wolves zone.
6:37 of 1st period - Icing by Marc-André Gragnani.
6:38 of 1st period - Dave Steckel wins face-off versus Mike Zigomanis in Wolves zone.
7:03 of 1st period - Nate Guenin is hit by Tim Jackman.
9:10 of 1st period - Icing by Rich Peverley.
9:11 of 1st period - Dave Steckel wins face-off versus Rich Peverley in Wolves zone.
12:47 of 1st period - Tim Crowder is hit by Jaroslav Balastik and loses puck.
14:33 of 1st period - Tim Crowder is hit by Valtteri Filppula and loses puck.
15:05 of 1st period - Icing by Jim Vandermeer.
15:06 of 1st period - Nathan Davis wins face-off versus Valtteri Filppula in Gangsters zone.
15:27 of 1st period - Snap shot by Dave Steckel.
15:27 of 1st period - Goal by Dave Steckel - Gangsters : 1 - Wolves : 0.
15:28 of 1st period - Nathan Davis wins face-off versus Ryan Keller in neutral zone.
15:52 of 1st period - Minor Penalty to Cody McLeod for Holding.
15:53 of 1st period - Ethan Moreau wins face-off versus Valtteri Filppula in Wolves zone.
16:06 of 1st period - Snap shot by Valtteri Filppula.
16:06 of 1st period - Shot Misses the Net.
16:08 of 1st period - Snap shot by Staffan Kronwall.
16:08 of 1st period - Deflect By Ethan Moreau.
16:08 of 1st period - Stopped by Julien Ellis without a rebound.
16:09 of 1st period - Valtteri Filppula wins face-off versus Ethan Moreau in Wolves zone.
16:29 of 1st period - Nate Guenin is hit by Staffan Kronwall and loses puck.
17:52 of 1st period - Penalty to Cody McLeod is over, Cody McLeod is back on ice.
18:06 of 1st period - Byron Ritchie is hit by Nate Guenin and loses puck.
18:27 of 1st period - Slapshot by Nick Foligno.
18:27 of 1st period - Shot Blocked by Bruno Gervais.
18:29 of 1st period - Slapshot by Nick Foligno.
18:29 of 1st period - Shot Misses the Net.
18:42 of 1st period - Icing by Ryan Keller.
18:43 of 1st period - Nathan Davis wins face-off versus Byron Ritchie in Gangsters zone.
18:44 of 1st period - Snap shot by Ethan Moreau.
18:44 of 1st period - Stopped by Steve Valiquette with a rebound.
19:03 of 1st period - Snap shot by Rich Peverley.
19:03 of 1st period - Shot Misses the Net.
19:05 of 1st period - Slapshot by Marc Methot.
19:05 of 1st period - Shot Misses the Net.
19:07 of 1st period - Snap shot by Vyacheslav Kozlov.
19:07 of 1st period - Shot Misses the Net.
19:09 of 1st period - Wrist shot by Matt Gilroy.
19:09 of 1st period - Shot Blocked by Jim Vandermeer.
19:11 of 1st period - Snap shot by Rich Peverley.
19:11 of 1st period - Stopped by Steve Valiquette without a rebound.
19:11 of 1st period - Minor Penalty to Steve Valiquette for Slashing.
19:12 of 1st period - Rich Peverley wins face-off versus Valtteri Filppula in Gangsters zone.
19:13 of 1st period - Snap shot by Alexander Perezhogin.
19:13 of 1st period - Stopped by Steve Valiquette with a rebound.
19:15 of 1st period - Wrist shot by Alexander Perezhogin.
19:15 of 1st period - Shot Blocked by Cory Murphy.
19:17 of 1st period - Slapshot by Nate Guenin.
19:17 of 1st period - Shot Blocked by Valtteri Filppula.
19:19 of 1st period - Wrist shot by Nate Guenin.
19:19 of 1st period - Deflect By Vyacheslav Kozlov.
19:19 of 1st period - Shot Misses the Net.
19:19 of 1st period - Puck is out of play.
19:20 of 1st period - Jaroslav Balastik wins face-off versus Rich Peverley in Gangsters zone.
19:28 of 1st period - Off-side.
19:29 of 1st period - Valtteri Filppula wins face-off versus Rich Peverley in neutral zone.
19:29 of 1st period - Minor Penalty to Nate Guenin for Roughing.
19:30 of 1st period - Alexander Perezhogin wins face-off versus Valtteri Filppula in Wolves zone.
19:39 of 1st period - Snap shot by Philippe Boucher.
19:39 of 1st period - Shot Misses the Net.
19:41 of 1st period - Wrist shot by Alexander Perezhogin.
19:41 of 1st period - Stopped by Steve Valiquette with a rebound.
19:43 of 1st period - Slapshot by Vyacheslav Kozlov.
19:43 of 1st period - Goal by Vyacheslav Kozlov - Gangsters : 1 - Wolves : 1.
19:44 of 1st period - Valtteri Filppula wins face-off versus Alexander Perezhogin in neutral zone.
19:51 of 1st period - Slapshot by Valtteri Filppula.
19:51 of 1st period - Goal by Valtteri Filppula - Gangsters : 2 - Wolves : 1.
19:52 of 1st period - Valtteri Filppula wins face-off versus Alexander Perezhogin in neutral zone.
2nd period
0:01 of 2nd period - Valtteri Filppula wins face-off versus Alexander Perezhogin in neutral zone.
0:06 of 2nd period - Snap shot by Valtteri Filppula.
0:06 of 2nd period - Stopped by Julien Ellis without a rebound.
0:07 of 2nd period - Alexander Perezhogin wins face-off versus Valtteri Filppula in Wolves zone.
1:11 of 2nd period - Penalty to Nick Foligno is over, Nick Foligno is back on ice.
1:20 of 2nd period - Wrist shot by Valtteri Filppula.
1:20 of 2nd period - Shot Misses the Net.
1:22 of 2nd period - Wrist shot by Valtteri Filppula.
1:22 of 2nd period - Stopped by Julien Ellis without a rebound.
1:23 of 2nd period - Dave Steckel wins face-off versus Ethan Moreau in Wolves zone.
1:24 of 2nd period - Snap shot by Igor Radulov.
1:24 of 2nd period - Shot Blocked by Marc-André Gragnani.
1:26 of 2nd period - Snap shot by Matt Read.
1:26 of 2nd period - Stopped by Julien Ellis without a rebound.
1:27 of 2nd period - Dave Steckel wins face-off versus Ethan Moreau in Wolves zone.
1:29 of 2nd period - Penalty to Nate Guenin is over, Nate Guenin is back on ice.
1:30 of 2nd period - Wrist shot by Dave Steckel.
1:30 of 2nd period - Shot Misses the Net.
1:32 of 2nd period - Slapshot by Cory Murphy.
1:32 of 2nd period - Shot Misses the Net.
1:34 of 2nd period - Slapshot by Igor Radulov.
1:34 of 2nd period - Shot Misses the Net.
1:36 of 2nd period - Snap shot by Dave Steckel.
1:36 of 2nd period - Stopped by Julien Ellis without a rebound.
1:37 of 2nd period - Nathan Davis wins face-off versus Dave Steckel in Wolves zone.
2:02 of 2nd period - Philippe Boucher is hit by Tim Jackman and loses puck.
2:11 of 2nd period - Snap shot by Valtteri Filppula.
2:11 of 2nd period - Shot Blocked by Philippe Boucher.
2:35 of 2nd period - Byron Ritchie is hit by Marc Methot and loses puck.
3:18 of 2nd period - Igor Radulov is hit by Mike Zigomanis and loses puck.
3:27 of 2nd period - Snap shot by Chris Neil.
3:27 of 2nd period - Stopped by Steve Valiquette without a rebound.
3:28 of 2nd period - Nathan Davis wins face-off versus Valtteri Filppula in Gangsters zone.
3:31 of 2nd period - Slapshot by Milan Bartovic.
3:31 of 2nd period - Goal by Milan Bartovic - Gangsters : 2 - Wolves : 2.
3:32 of 2nd period - Valtteri Filppula wins face-off versus Nathan Davis in neutral zone.
3:35 of 2nd period - Slapshot by Cory Murphy.
3:35 of 2nd period - Stopped by Julien Ellis without a rebound.
3:36 of 2nd period - Valtteri Filppula wins face-off versus Nathan Davis in Wolves zone.
3:39 of 2nd period - Wrist shot by Jaroslav Balastik.
3:39 of 2nd period - Deflect By Tim Jackman.
3:39 of 2nd period - Goal by Tim Jackman - Gangsters : 3 - Wolves : 2.
3:40 of 2nd period - Valtteri Filppula wins face-off versus Nathan Davis in neutral zone.
3:53 of 2nd period - Wrist shot by Ethan Moreau.
3:53 of 2nd period - Stopped by Steve Valiquette with a rebound.
3:55 of 2nd period - Slapshot by Philippe Boucher.
3:55 of 2nd period - Deflect By Milan Bartovic.
3:55 of 2nd period - Shot Misses the Net.
3:55 of 2nd period - Puck is out of play.
3:56 of 2nd period - Geoff Sanderson wins face-off versus Dave Steckel in Gangsters zone.
3:59 of 2nd period - Snap shot by Mike Zigomanis.
3:59 of 2nd period - Stopped by Steve Valiquette without a rebound.
4:00 of 2nd period - Dave Steckel wins face-off versus Mike Zigomanis in Gangsters zone.
4:30 of 2nd period - Wrist shot by Mike Zigomanis.
4:30 of 2nd period - Stopped by Steve Valiquette with a rebound.
4:32 of 2nd period - Snap shot by Philippe Boucher.
4:32 of 2nd period - Deflect By Chris Neil.
4:32 of 2nd period - Shot Misses the Net.
4:32 of 2nd period - Puck is out of play.
4:33 of 2nd period - Byron Ritchie wins face-off versus Nathan Davis in Gangsters zone.
5:03 of 2nd period - Tim Jackman is hit by Vyacheslav Kozlov and loses puck.
6:02 of 2nd period - Byron Ritchie is hit by Nathan Davis and loses puck.
6:07 of 2nd period - Snap shot by Milan Bartovic.
6:07 of 2nd period - Stopped by Steve Valiquette with a rebound.
6:09 of 2nd period - Snap shot by Nathan Davis.
6:09 of 2nd period - Stopped by Steve Valiquette without a rebound.
6:10 of 2nd period - Valtteri Filppula wins face-off versus Rich Peverley in Gangsters zone.
6:15 of 2nd period - Slapshot by Mike Commodore.
6:15 of 2nd period - Deflect By Alexander Perezhogin.
6:15 of 2nd period - Stopped by Julien Ellis with a rebound.
6:25 of 2nd period - Snap shot by Tim Jackman.
6:25 of 2nd period - Stopped by Julien Ellis with a rebound.
6:35 of 2nd period - Mike Zigomanis is hit by Igor Radulov and loses puck.
6:40 of 2nd period - Wrist shot by Igor Radulov.
6:40 of 2nd period - Stopped by Julien Ellis without a rebound.
6:41 of 2nd period - Mike Zigomanis wins face-off versus Dave Steckel in Wolves zone.
7:08 of 2nd period - Slapshot by Byron Ritchie.
7:08 of 2nd period - Stopped by Julien Ellis without a rebound.
7:09 of 2nd period - Rich Peverley wins face-off versus Byron Ritchie in Wolves zone.
7:18 of 2nd period - Minor Penalty to Chris Bourque for Roughing.
7:19 of 2nd period - Rich Peverley wins face-off versus Valtteri Filppula in Gangsters zone.
7:26 of 2nd period - Snap shot by Rich Peverley.
7:26 of 2nd period - Shot Blocked by Cory Murphy.
7:28 of 2nd period - Slapshot by Philippe Boucher.
7:28 of 2nd period - Deflect By Vyacheslav Kozlov.
7:28 of 2nd period - Shot Blocked by Staffan Kronwall.
7:28 of 2nd period - Puck is out of play.
7:29 of 2nd period - Rich Peverley wins face-off versus Valtteri Filppula in Gangsters zone.
7:30 of 2nd period - Slapshot by Philippe Boucher.
7:30 of 2nd period - Shot Misses the Net.
8:41 of 2nd period - Slapshot by Rich Peverley.
8:41 of 2nd period - Shot Misses the Net.
8:45 of 2nd period - Wrist shot by Alexander Perezhogin.
8:45 of 2nd period - Goal by Alexander Perezhogin - Gangsters : 3 - Wolves : 3.
8:46 of 2nd period - Igor Radulov wins face-off versus Nathan Davis in neutral zone.
9:11 of 2nd period - Tim Jackman is hit by Chris Neil and loses puck.
9:34 of 2nd period - Snap shot by Marc-André Gragnani.
9:34 of 2nd period - Deflect By Cody McLeod.
9:34 of 2nd period - Stopped by Steve Valiquette with a rebound.
9:36 of 2nd period - Slapshot by Nate Guenin.
9:36 of 2nd period - Shot Misses the Net.
9:38 of 2nd period - Slapshot by Philippe Boucher.
9:38 of 2nd period - Stopped by Steve Valiquette with a rebound.
9:40 of 2nd period - Slapshot by Nate Guenin.
9:40 of 2nd period - Shot Blocked by Valtteri Filppula.
10:05 of 2nd period - Snap shot by Valtteri Filppula.
10:05 of 2nd period - Shot Misses the Net.
10:07 of 2nd period - Wrist shot by Jaroslav Balastik.
10:07 of 2nd period - Deflect By Valtteri Filppula.
10:07 of 2nd period - Stopped by Julien Ellis without a rebound.
10:08 of 2nd period - Matt Read wins face-off versus Mike Zigomanis in Wolves zone.
10:13 of 2nd period - Wrist shot by Dave Steckel.
10:13 of 2nd period - Shot Blocked by Philippe Boucher.
10:15 of 2nd period - Slapshot by Igor Radulov.
10:15 of 2nd period - Deflect By Philippe Boucher.
10:15 of 2nd period - Stopped by Julien Ellis without a rebound.
10:16 of 2nd period - Rich Peverley wins face-off versus Dave Steckel in Wolves zone.
10:25 of 2nd period - Snap shot by Vyacheslav Kozlov.
10:25 of 2nd period - Shot Blocked by Matt Read.
10:28 of 2nd period - Minor Penalty to Alexander Perezhogin for Roughing.
10:29 of 2nd period - Ethan Moreau wins face-off versus Valtteri Filppula in Wolves zone.
10:37 of 2nd period - Icing by Cory Murphy.
10:38 of 2nd period - Ethan Moreau wins face-off versus Valtteri Filppula in Gangsters zone.
10:39 of 2nd period - Slapshot by Milan Bartovic.
10:39 of 2nd period - Stopped by Steve Valiquette with a rebound.
10:41 of 2nd period - Slapshot by Nate Guenin.
10:41 of 2nd period - Stopped by Steve Valiquette with a rebound.
10:43 of 2nd period - Slapshot by Bruno Gervais.
10:43 of 2nd period - Deflect By Milan Bartovic.
10:43 of 2nd period - Shot Blocked by Staffan Kronwall.
10:43 of 2nd period - Puck is out of play.
10:44 of 2nd period - Valtteri Filppula wins face-off versus Ethan Moreau in Gangsters zone.
12:28 of 2nd period - Penalty to Alexander Perezhogin is over, Alexander Perezhogin is back on ice.
12:40 of 2nd period - Snap shot by Vyacheslav Kozlov.
12:40 of 2nd period - Shot Misses the Net.
13:08 of 2nd period - Snap shot by Ryan Jones.
13:08 of 2nd period - Stopped by Julien Ellis with a rebound.
13:12 of 2nd period - Slapshot by Nick Foligno.
13:12 of 2nd period - Shot Misses the Net.
13:14 of 2nd period - Snap shot by Nick Foligno.
13:14 of 2nd period - Shot Blocked by Nate Guenin.
13:44 of 2nd period - Ethan Moreau is hit by Ryan Jones and loses puck.
14:42 of 2nd period - Matt Gilroy is hit by Matt Read and loses puck.
15:07 of 2nd period - Slapshot by Rich Peverley.
15:07 of 2nd period - Stopped by Steve Valiquette without a rebound.
15:08 of 2nd period - Ryan Keller wins face-off versus Rich Peverley in Gangsters zone.
15:08 of 2nd period - Ryan Keller is hit by Rich Peverley.
15:14 of 2nd period - Minor Penalty to Nate Guenin for Hooking.
15:15 of 2nd period - Ethan Moreau wins face-off versus Jaroslav Balastik in Wolves zone.
15:45 of 2nd period - Slapshot by Mike Commodore.
15:45 of 2nd period - Stopped by Julien Ellis without a rebound.
15:46 of 2nd period - Valtteri Filppula wins face-off versus Geoff Sanderson in Wolves zone.
16:10 of 2nd period - Slapshot by Igor Radulov.
16:10 of 2nd period - Shot Misses the Net.
16:12 of 2nd period - Slapshot by Mike Commodore.
16:12 of 2nd period - Stopped by Julien Ellis with a rebound.
16:14 of 2nd period - Wrist shot by Dave Steckel.
16:14 of 2nd period - Shot Blocked by Geoff Sanderson.
16:16 of 2nd period - Backhand shot by Matt Read.
16:16 of 2nd period - Goal by Matt Read - Gangsters : 4 - Wolves : 3.
16:17 of 2nd period - Valtteri Filppula wins face-off versus Rich Peverley in neutral zone.
16:42 of 2nd period - Jaroslav Balastik is hit by Milan Bartovic and loses puck.
17:09 of 2nd period - Dave Steckel is hit by Chris Neil and loses puck.
17:53 of 2nd period - Wrist shot by Artem Anisimov.
17:53 of 2nd period - Stopped by Julien Ellis without a rebound.
17:54 of 2nd period - Petr Kalus wins face-off versus Artem Anisimov in Wolves zone.
17:59 of 2nd period - Nick Foligno is hit by Cody McLeod and loses puck.
18:03 of 2nd period - Icing by Mike Commodore.
18:04 of 2nd period - Rich Peverley wins face-off versus Artem Anisimov in Gangsters zone.
18:05 of 2nd period - Wrist shot by Vyacheslav Kozlov.
18:05 of 2nd period - Stopped by Steve Valiquette with a rebound.
18:08 of 2nd period - Icing by Mike Commodore.
18:09 of 2nd period - Artem Anisimov wins face-off versus Rich Peverley in Gangsters zone.
18:24 of 2nd period - Slapshot by Philippe Boucher.
18:24 of 2nd period - Shot Misses the Net.
18:55 of 2nd period - Wrist shot by Cody McLeod.
18:55 of 2nd period - Stopped by Steve Valiquette with a rebound.
18:57 of 2nd period - Slapshot by Matt Gilroy.
18:57 of 2nd period - Shot Misses the Net.
18:59 of 2nd period - Slapshot by Marc Methot.
18:59 of 2nd period - Deflect By Dave Steckel.
18:59 of 2nd period - Stopped by Steve Valiquette with a rebound.
19:01 of 2nd period - Wrist shot by Cody McLeod.
19:01 of 2nd period - Shot Misses the Net.
19:03 of 2nd period - Snap shot by Tim Crowder.
19:03 of 2nd period - Shot Misses the Net.
19:05 of 2nd period - Wrist shot by Cody McLeod.
19:05 of 2nd period - Shot Misses the Net.
19:07 of 2nd period - Slapshot by Marc Methot.
19:07 of 2nd period - Stopped by Steve Valiquette with a rebound.
19:17 of 2nd period - Snap shot by Vyacheslav Kozlov.
19:17 of 2nd period - Stopped by Steve Valiquette with a rebound.
19:19 of 2nd period - Backhand shot by Vyacheslav Kozlov.
19:19 of 2nd period - Shot Misses the Net.
3rd period
0:01 of 3rd period - Rich Peverley wins face-off versus Valtteri Filppula in neutral zone.
0:04 of 3rd period - Slapshot by Philippe Boucher.
0:04 of 3rd period - Stopped by Steve Valiquette without a rebound.
0:05 of 3rd period - Valtteri Filppula wins face-off versus Rich Peverley in Gangsters zone.
0:22 of 3rd period - Jaroslav Balastik is hit by Alexander Perezhogin and loses puck.
1:04 of 3rd period - Staffan Kronwall is hit by Nate Guenin and loses puck.
1:25 of 3rd period - Wrist shot by Valtteri Filppula.
1:25 of 3rd period - Stopped by Julien Ellis with a rebound.
1:27 of 3rd period - Snap shot by Jaroslav Balastik.
1:27 of 3rd period - Shot Blocked by Rich Peverley.
1:29 of 3rd period - Snap shot by Valtteri Filppula.
1:29 of 3rd period - Stopped by Julien Ellis with a rebound.
1:33 of 3rd period - Snap shot by Valtteri Filppula.
1:33 of 3rd period - Goal by Valtteri Filppula - Gangsters : 5 - Wolves : 3.
1:34 of 3rd period - Chris Neil wins face-off versus Dave Steckel in neutral zone.
2:26 of 3rd period - Petr Kalus is hit by Nick Foligno.
2:46 of 3rd period - Tim Crowder is hit by Dave Steckel and loses puck.
3:36 of 3rd period - Chris Neil is hit by Nick Foligno and loses puck.
3:41 of 3rd period - Snap shot by Ryan Jones.
3:41 of 3rd period - Stopped by Julien Ellis with a rebound.
3:55 of 3rd period - Rich Peverley is hit by Chris Bourque and loses puck.
5:28 of 3rd period - Jim Vandermeer is hit by Nathan Davis and loses puck.
5:32 of 3rd period - Icing by Artem Anisimov.
5:33 of 3rd period - Nathan Davis wins face-off versus Artem Anisimov in Gangsters zone.
5:34 of 3rd period - Wrist shot by Milan Bartovic.
5:34 of 3rd period - Shot Misses the Net.
5:54 of 3rd period - Milan Bartovic is hit by Ryan Jones and loses puck.
5:59 of 3rd period - Snap shot by Ryan Jones.
5:59 of 3rd period - Deflect By Artem Anisimov.
5:59 of 3rd period - Shot Blocked by Ethan Moreau.
5:59 of 3rd period - Puck is out of play.
6:00 of 3rd period - Valtteri Filppula wins face-off versus Rich Peverley in Wolves zone.
6:01 of 3rd period - Snap shot by Jaroslav Balastik.
6:01 of 3rd period - Shot Misses the Net.
6:34 of 3rd period - Slapshot by Mike Commodore.
6:34 of 3rd period - Deflect By Dave Steckel.
6:34 of 3rd period - Stopped by Julien Ellis with a rebound.
6:50 of 3rd period - Snap shot by Byron Ritchie.
6:50 of 3rd period - Shot Misses the Net.
7:12 of 3rd period - Mike Zigomanis is hit by Ryan Jones and loses puck.
7:25 of 3rd period - Icing by Jim Vandermeer.
7:26 of 3rd period - Rich Peverley wins face-off versus Valtteri Filppula in Gangsters zone.
7:27 of 3rd period - Snap shot by Vyacheslav Kozlov.
7:27 of 3rd period - Shot Blocked by Tim Jackman.
8:12 of 3rd period - Minor Penalty to Jim Vandermeer for Tripping.
8:13 of 3rd period - Mike Zigomanis wins face-off versus Valtteri Filppula in Gangsters zone.
8:20 of 3rd period - Slapshot by Geoff Sanderson.
8:20 of 3rd period - Shot Misses the Net.
8:22 of 3rd period - Slapshot by Marc Methot.
8:22 of 3rd period - Shot Misses the Net.
8:24 of 3rd period - Snap shot by Mike Zigomanis.
8:24 of 3rd period - Goal by Mike Zigomanis - Gangsters : 5 - Wolves : 4.
8:25 of 3rd period - Rich Peverley wins face-off versus Dave Steckel in neutral zone.
9:21 of 3rd period - Wrist shot by Milan Bartovic.
9:21 of 3rd period - Stopped by Steve Valiquette with a rebound.
10:03 of 3rd period - Minor Penalty to Dave Steckel for Holding.
10:04 of 3rd period - Valtteri Filppula wins face-off versus Rich Peverley in Gangsters zone.
12:03 of 3rd period - Penalty to Dave Steckel is over, Dave Steckel is back on ice.
12:35 of 3rd period - Jim Vandermeer is hit by Cody McLeod and loses puck.
12:59 of 3rd period - Matt Read is hit by Marc-André Gragnani and loses puck.
13:28 of 3rd period - Milan Bartovic is hit by Ryan Keller and loses puck.
13:50 of 3rd period - Philippe Boucher is hit by Cory Murphy and loses puck.
14:23 of 3rd period - Wrist shot by Tim Crowder.
14:23 of 3rd period - Stopped by Steve Valiquette with a rebound.
14:37 of 3rd period - Mike Zigomanis is hit by Nick Foligno and loses puck.
15:11 of 3rd period - Rich Peverley is hit by Dave Steckel and loses puck.
15:44 of 3rd period - Matt Gilroy is hit by Cory Murphy and loses puck.
15:59 of 3rd period - Geoff Sanderson is hit by Chris Bourque and loses puck.
16:04 of 3rd period - Snap shot by Chris Bourque.
16:04 of 3rd period - Shot Misses the Net.
16:12 of 3rd period - Geoff Sanderson is hit by Ryan Keller and loses puck.
16:33 of 3rd period - Marc-André Gragnani is hit by Ryan Keller and loses puck.
17:34 of 3rd period - Wrist shot by Chris Bourque.
17:34 of 3rd period - Stopped by Julien Ellis without a rebound.
17:35 of 3rd period - Nathan Davis wins face-off versus Valtteri Filppula in Wolves zone.
17:42 of 3rd period - Valtteri Filppula is hit by Marc Methot and loses puck.
17:49 of 3rd period - Matt Gilroy is hit by Jaroslav Balastik and loses puck.
18:27 of 3rd period - Minor Penalty to Nate Guenin for Holding.
18:27 of 3rd period - Minor Penalty to Alexei Emelin for Holding.
18:28 of 3rd period - Vyacheslav Kozlov wins face-off versus Valtteri Filppula in Wolves zone.
19:49 of 3rd period - Cody McLeod is hit by Jaroslav Balastik and loses puck.
Output by the SimonT Hockey Simulator (STHS) for François Prévost -- Original Page W3C XHTML 1.0 Valid